 Dungeon Crawl Stone Soup version 0.20.1-1-g8b1a95d (webtiles) character file.

84 slep the Skirmisher (level 4, -1/40 HPs)
             Began as a Hill Orc Abyssal Knight on Oct 30, 2017.
             Was a Believer of Lugonu.
             Slain by a worm (10 damage)
             ... on level 2 of the Dungeon.
             The game lasted 00:08:19 (1742 turns).

slep the Skirmisher (Hill Orc Abyssal Knight)       Turns: 1742, Time: 00:08:20

Health: -1/40      AC:  3    Str: 14    XL:     4   Next: 46%
Magic:  6/6        EV: 11    Int: 12    God:    Lugonu [**....]
Gold:   87         SH:  0    Dex: 11    Spells: 3/3 levels left

rFire    . . .     SeeInvis .   a - +1 falchion
rCold    . . .     Gourm    +   (no shield)
rNeg     . . .     Faith    .   b - +0 leather armour
rPois    .         Spirit   .   (no helmet)
rElec    .         Reflect  .   (no cloak)
rCorr    .         Harm     .   (no gloves)
MR       .....                  (no boots)
Stlth    +.........             r - amulet of the gourmand
Regen    0.2/turn               g - ring of flight
MPRegen  0.1/turn               (no ring)

@: no status effects
A: no striking features
a: Depart the Abyss, Bend Space, Renounce Religion, Evoke Flight


You were on level 2 of the Dungeon.
You worshipped Lugonu.
Lugonu was pleased with you.
You were completely stuffed.

You visited 1 branch of the dungeon, and saw 2 of its levels.
You visited the Abyss 1 time.

You collected 87 gold pieces.

Inventory:

Hand Weapons
 a - a +1 falchion (weapon)
Armour
 b - a +0 leather armour (worn)
Jewellery
 g - a ring of flight (left hand)
 r - an amulet of the gourmand (around neck)
Wands
 e - a wand of flame (22/48)
Scrolls
 j - 3 scrolls of teleportation {unknown}
 k - 2 scrolls of remove curse {unknown}
 l - 3 scrolls of identify {unknown}
 m - a scroll of magic mapping {unknown}
 p - a scroll of immolation {unknown}
Potions
 d - a potion of degeneration {unknown}
 h - a potion of might {unknown}
 i - 2 potions of heal wounds {unknown}
 n - a potion of curing
 o - a potion of mutation {unknown}
 q - a potion of resistance {unknown}
 s - 3 potions of cancellation {unknown}
Comestibles
 c - 3 bread rations
 f - 3 meat rations
 t - 5 chunks of flesh


   Skills:
 + Level 4.3 Fighting
 + Level 3.4 Long Blades
 + Level 2.7 Armour
 + Level 1.3 Dodging
 + Level 0.5 Stealth
 + Level 2.8 Invocations


You had 3 spell levels left.
You didn't know any spells.

Dungeon Overview and Level Annotations

Branches:
Dungeon (2/15)

Altars:


Message History

The adder bites you but does no damage. The adder bites you.
* * * LOW HITPOINT WARNING * * *
You are lethally poisoned!
The adder poisons you!
You feel better. The adder closely misses you.
You barely miss the adder.
The adder is moderately wounded.
The adder closely misses you.
You riposte.
You hit the adder.
The adder is almost dead.
The adder bites you.
* * * LOW HITPOINT WARNING * * *
You hit the adder but do no damage.
The adder is almost dead.
The adder closely misses you.
You riposte.
You slash the adder!
You kill the adder!
Lugonu accepts your kill.
You slash the worm!
The worm is heavily wounded.
The worm bites you!
You die...

..# ####.#######>.....#####.. .##
####........##.....#........ ##
#...........#........#####.# #
#.##.##..#.........### #.# #
#.##.#...#....#...## #.# ##
#.#....###.#..##.## #.. .##
#<#..#.....#...#.# ##. ..##
#........###w#.#.### ##..
...#####(.......@.#...#.## ##...
....####...####.###.#....####....
....+...............#.......'....
....####..(######.###)...####....
...#####..### #.........# ##...
..#.........# #..##.##..# ##..
.##.###..##.# #..##.##<># ##.
###.###.###.# #..##..#..# ## #
#.........# #..###.#..# #


You could see a worm.

Vanquished Creatures
  3 adders (D:2)
  An ooze (D:1)
  A worm (D:2)
  2 leopard geckos
  6 bats
  A giant cockroach (D:1)
  2 goblins (D:1)
  6 hobgoblins
  7 jackals (D:1)
  9 kobolds
  A ball python (D:2)
  2 frilled lizards (D:2)
  7 rats
48 creatures vanquished.

Vanquished Creatures (others)
  2 starspawn tentacles (Abyss:2)
2 creatures vanquished.

Grand Total: 50 creatures vanquished

Notes
Turn   | Place    | Note
-------+----------+-------------------------------------------
     0 | Abyss:1  | slep the Hill Orc Abyssal Knight began the quest for the Orb.
     0 | Abyss:1  | Reached XP level 1. HP: 19/19 MP: 2/2
     6 | Abyss:1  | Found a corrupted altar of Lugonu.
   136 | Abyss:1  | Noticed a large abomination
   166 | Abyss:1  | Noticed a neqoxec
   166 | Abyss:1  | Noticed a bone dragon
   166 | Abyss:1  | Noticed an efreet
   171 | Abyss:2  | Noticed a tentacled starspawn
   196 | D:1      | Escaped the Abyss
   319 | D:1      | Reached XP level 2. HP: 25/27 MP: 3/3
   373 | D:1      | Reached * piety under Lugonu
   556 | D:1      | Reached skill level 4 in Fighting
   582 | D:1      | Reached skill level 1 in Dodging
   582 | D:1      | Reached XP level 3. HP: 29/33 MP: 5/5
  1097 | D:2      | HP: 1/33 [poisoned by an adder]
  1382 | D:2      | Reached XP level 4. HP: 34/40 MP: 6/6
  1467 | D:2      | Reached ** piety under Lugonu
  1742 | D:2      | Slain by a worm

Skill      XL: |  1  2  3 |
---------------+----------+-----
Fighting       | 4 |  4.3
Dodging        | 1 |  1.3
Long Blades    | 3 |  3.4
Armour         | |  2.7
Stealth        | |  0.5
Invocations    | |  2.8

Action                   |  1- 3 |  4- 6 || total
-------------------------+-------+-------++-------
Melee: Falchion          |   111 |    33 ||   144
Invok: Depart the Abyss  |     1 |       ||     1
  Use: Potion            |     1 |     2 ||     3
  Eat: Chunk             |    27 |     3 ||    30
Armor: Leather armour    |    27 |     5 ||    32
Dodge: Dodged            |    69 |    20 ||    89
       Rpst.: Falchion   |    26 |     8 ||    34
